| TOP OF THE 1ST |
|
Princeton Rays batting - Pitching for Detroit (APP) Tigers : RHP Scott King
|
|
Pitching: RHP Scott King
|
|
|
Batting: SHB Chris Lockart
|
0-0: Ground out 3-1 (Groundball, 34, EV 94.4 MPH)
|
|
Batting: RHB James Huddleston
|
0-0: Ground out 6-3 (Groundball, 6M, EV 81.9 MPH)
|
|
Batting: LHB Rocky Crowley
|
0-0: SOLO HOME RUN (Flyball, 9D, EV 95.0 MPH), Distance : 371 ft
|
|
Batting: RHB Wil Urban
|
0-0: Called Strike 0-1: Called Strike 0-2: Foul Ball, location: 2F 0-2: Strikes out swinging
|
| Top of the 1st over - 1 run, 1 hit, 0 errors, 0 left on base; Princeton 1 - Detroit (APP) 0 |
| BOTTOM OF THE 1ST |
|
Detroit (APP) Tigers batting - Pitching for Princeton Rays : LHP Chris Bates
|
|
Pitching: LHP Chris Bates
|
|
|
Batting: RHB Billy Verdusco
|
0-0: Called Strike 0-1: Foul Ball, location: 2F 0-2: Ball 1-2: Foul Ball, location: 2F 1-2: Ground out 6-3 (Groundball, 56, EV 80.6 MPH)
|
|
Batting: RHB Keith Hoffman
|
0-0: Swinging Strike 0-1: Ball 1-1: Ball 2-1: Ball 3-1: SINGLE (Line Drive, 78S, EV 89.4 MPH)
|
|
Batting: RHB Jon Goldstein
|
0-0: Ball 1-0: SINGLE (Groundball, 56D, EV 108.8 MPH) Keith Hoffman to second
|
|
Batting: SHB Ross Holland
|
0-0: Called Strike 0-1: Ball 1-1: Foul Ball, location: 2F 1-2: Fly out, F9 (Line Drive, 9LM, EV 93.8 MPH)
|
|
Batting: RHB Adam MacConnell
|
0-0: Ball 1-0: Ball 2-0: SINGLE (Line Drive, 9S, EV 90.6 MPH) Keith Hoffman to third Jon Goldstein to second Runner from 3rd tries for Home, SAFE, throw by RF to home
|
|
Batting: LHB Jon Frederick
|
0-0: Called Strike 0-1: Called Strike 0-2: Ball 1-2: Ball 2-2: Strikes out swinging
|
| Bottom of the 1st over - 1 run, 3 hits, 0 errors, 2 left on base; Princeton 1 - Detroit (APP) 1 |
| TOP OF THE 2ND |
|
Princeton Rays batting - Pitching for Detroit (APP) Tigers : RHP Scott King
|
|
Batting: SHB Lou Kroneman
|
0-0: Ball 1-0: SINGLE (Groundball, 34D, EV 96.3 MPH)
|
|
Batting: SHB Wayne Hattan
|
0-0: Ball 1-0: Foul Ball, location: 2F 1-1: Ball 2-1: Swinging Strike 2-2: Foul Ball, location: 2F 2-2: Ball 3-2: Base on Balls Lou Kroneman to second
|
|
Batting: RHB Chris Thorson
|
0-0: Foul Ball, location: 2F 0-1: Swinging Strike 0-2: DOUBLE (Line Drive, 5D, EV 97.5 MPH) Lou Kroneman scores Wayne Hattan to third
|
|
Batting: RHB Kunizo Yanagisawa
|
0-0: Fly out, F8 (Flyball, 89D, EV 103.1 MPH) Runner from 3rd tags up, SCORES, throw by CF Chris Thorson to third
|
|
Batting: RHB Bazyli Andrysiak
|
0-0: Ball 1-0: Fly out, F8 (Flyball, 8LXD, EV 86.9 MPH) Runner from 3rd tags up, SCORES, no throw by CF
|
|
Batting: SHB Chris Lockart
|
0-0: Foul Ball, location: 2F 0-1: Foul Ball, location: 2F 0-2: Foul Ball, location: 2F 0-2: Ball 1-2: Strikes out looking
|
| Top of the 2nd over - 3 runs, 2 hits, 0 errors, 0 left on base; Princeton 4 - Detroit (APP) 1 |
| BOTTOM OF THE 2ND |
|
Detroit (APP) Tigers batting - Pitching for Princeton Rays : LHP Chris Bates
|
|
Batting: RHB Jose Evangelista
|
0-0: Ball 1-0: Ball 2-0: Ball 3-0: Base on Balls
|
|
Batting: RHB Jamie Villagrana
|
0-0: Ball 1-0: Ball 2-0: Ball 3-0: Base on Balls Jose Evangelista to second
|
|
Batting: LHB Jon Pedlar
|
0-0: Called Strike 0-1: Ball 1-1: Ball Wild Pitch! Jose Evangelista to third Jamie Villagrana to second 2-1: Fly out, F9 (Flyball, 9, EV 85.6 MPH)
|
|
Batting: RHB Billy Verdusco
|
0-0: Foul Ball, location: 2F 0-1: Called Strike 0-2: Ball 1-2: Strikes out looking
|
|
Batting: RHB Keith Hoffman
|
0-0: Called Strike 0-1: Ground out 3-1 (Groundball, 13, EV 83.1 MPH)
|
| Bottom of the 2nd over - 0 runs, 0 hits, 0 errors, 2 left on base; Princeton 4 - Detroit (APP) 1 |
| TOP OF THE 3RD |
|
Princeton Rays batting - Pitching for Detroit (APP) Tigers : RHP Scott King
|
|
Batting: RHB James Huddleston
|
0-0: Called Strike 0-1: Foul Ball, location: 2F 0-2: Fly out, F9 (Flyball, 89S, EV 86.9 MPH)
|
|
Batting: LHB Rocky Crowley
|
0-0: Called Strike 0-1: Ball 1-1: Foul Ball, location: 2F 1-2: DOUBLE (Line Drive, 5D, EV 100.6 MPH)
|
|
Batting: RHB Wil Urban
|
0-0: Ball 1-0: Called Strike 1-1: Ball 2-1: Ball 3-1: Base on Balls
|
|
Batting: SHB Lou Kroneman
|
0-0: Ball 1-0: Foul Ball, location: 2F 1-1: Foul Ball, location: 2F 1-2: Ball 2-2: Foul Ball, location: 2F 2-2: Ball 3-2: Base on Balls Rocky Crowley to third Wil Urban to second
|
|
Batting: SHB Wayne Hattan
|
0-0: Called Strike 0-1: Ball 1-1: Grounds into fielders choice 1-2 (Groundball, 13S, EV 64.4 MPH) Wil Urban to third Lou Kroneman to second
|
|
Batting: RHB Chris Thorson
|
0-0: Ball 1-0: Ball 2-0: Called Strike 2-1: SINGLE (Flyball, 5D, EV 93.8 MPH) Wil Urban scores Lou Kroneman to third Wayne Hattan to second
|
|
Batting: RHB Kunizo Yanagisawa
|
0-0: Called Strike 0-1: Foul Ball, location: 2F 0-2: Ground out 5-3 (Groundball, 56S, EV 80.6 MPH)
|
| Top of the 3rd over - 1 run, 2 hits, 0 errors, 3 left on base; Princeton 5 - Detroit (APP) 1 |
| BOTTOM OF THE 3RD |
|
Detroit (APP) Tigers batting - Pitching for Princeton Rays : LHP Chris Bates
|
|
Batting: RHB Jon Goldstein
|
0-0: Ball 1-0: Foul Ball, location: 2F 1-1: Foul Ball, location: 2F 1-2: Foul Ball, location: 2F 1-2: Strikes out swinging
|
|
Batting: SHB Ross Holland
|
0-0: Ball 1-0: Ball 2-0: Swinging Strike 2-1: SINGLE (Flyball, 4MD, EV 93.8 MPH)
|
|
Batting: RHB Adam MacConnell
|
0-0: Ball 1-0: Ball 2-0: Called Strike 2-1: Ball 3-1: Called Strike 3-2: Strikes out looking
|
|
Batting: LHB Jon Frederick
|
0-0: Ball Ross Holland is caught stealing 2nd base 2-6
|
| Bottom of the 3rd over - 0 runs, 1 hit, 0 errors, 0 left on base; Princeton 5 - Detroit (APP) 1 |
| TOP OF THE 4TH |
|
Princeton Rays batting - Pitching for Detroit (APP) Tigers : RHP Scott King
|
|
Batting: RHB Bazyli Andrysiak
|
0-0: Ground out U3 (Groundball, 34, EV 87.5 MPH)
|
|
Batting: SHB Chris Lockart
|
0-0: Swinging Strike 0-1: Called Strike 0-2: Ball 1-2: Ball 2-2: Foul Ball, location: 2F 2-2: Ball 3-2: Strikes out swinging
|
|
Batting: RHB James Huddleston
|
0-0: Called Strike 0-1: Fly out, F7 (Flyball, 7, EV 86.9 MPH)
|
| Top of the 4th over - 0 runs, 0 hits, 0 errors, 0 left on base; Princeton 5 - Detroit (APP) 1 |
| BOTTOM OF THE 4TH |
|
Detroit (APP) Tigers batting - Pitching for Princeton Rays : LHP Chris Bates
|
|
Batting: LHB Jon Frederick
|
0-0: Called Strike 0-1: Ball 1-1: Ball 2-1: Ground out 4-3 (Groundball, 4, EV 83.1 MPH)
|
|
Batting: RHB Jose Evangelista
|
0-0: Ball 1-0: Called Strike 1-1: Ball 2-1: Swinging Strike 2-2: Foul Ball, location: 2F 2-2: Ball 3-2: Strikes out swinging
|
|
Batting: RHB Jamie Villagrana
|
0-0: Called Strike 0-1: Foul Ball, location: 2F 0-2: Foul Ball, location: 2F 0-2: Strikes out swinging
|
| Bottom of the 4th over - 0 runs, 0 hits, 0 errors, 0 left on base; Princeton 5 - Detroit (APP) 1 |
| TOP OF THE 5TH |
|
Princeton Rays batting - Pitching for Detroit (APP) Tigers : RHP Scott King
|
|
Pitching: RHP Jerome Stady
|
|
|
Batting: LHB Rocky Crowley
|
0-0: SOLO HOME RUN (Flyball, 9D, EV 98.8 MPH), Distance : 367 ft
|
|
Batting: RHB Wil Urban
|
0-0: Ball 1-0: Ball 2-0: Ball 3-0: Called Strike 3-1: Called Strike 3-2: Foul Ball, location: 2F 3-2: Strikes out swinging
|
|
Batting: SHB Lou Kroneman
|
0-0: Foul Ball, location: 2F 0-1: Swinging Strike 0-2: Foul Ball, location: 2F 0-2: Foul Ball, location: 2F 0-2: Ground out 5-3 (Groundball, 15, EV 89.4 MPH)
|
|
Batting: SHB Wayne Hattan
|
0-0: Called Strike 0-1: Ball 1-1: SINGLE (Flyball, 78M, EV 95.0 MPH)
|
|
Batting: RHB Chris Thorson
|
0-0: Swinging Strike 0-1: Called Strike 0-2: Foul Ball, location: 2F 0-2: Ball 1-2: Ball 2-2: Strikes out swinging
|
| Top of the 5th over - 1 run, 2 hits, 0 errors, 1 left on base; Princeton 6 - Detroit (APP) 1 |
| BOTTOM OF THE 5TH |
|
Detroit (APP) Tigers batting - Pitching for Princeton Rays : LHP Chris Bates
|
|
Batting: LHB Jon Pedlar
|
0-0: Ball 1-0: Ground out 4-3 (Groundball, 34, EV 103.1 MPH)
|
|
Batting: RHB Billy Verdusco
|
0-0: Ball 1-0: Called Strike 1-1: Ball 2-1: Called Strike 2-2: Ground out 6-3 (Groundball, 56, EV 95.6 MPH)
|
|
Batting: RHB Keith Hoffman
|
0-0: Ball 1-0: Called Strike 1-1: Ball 2-1: Foul Ball, location: 2F 2-2: Strikes out looking
|
| Bottom of the 5th over - 0 runs, 0 hits, 0 errors, 0 left on base; Princeton 6 - Detroit (APP) 1 |
| TOP OF THE 6TH |
|
Princeton Rays batting - Pitching for Detroit (APP) Tigers : RHP Jerome Stady
|
|
Batting: RHB Kunizo Yanagisawa
|
0-0: Ball 1-0: SINGLE (Groundball, 4MD, EV 96.3 MPH)
|
|
Batting: RHB Bazyli Andrysiak
|
0-0: Ball 1-0: Foul Ball, location: 2F 1-1: Ground out 5-3 (Groundball, 5S, EV 85.6 MPH) Kunizo Yanagisawa to second
|
|
Batting: SHB Chris Lockart
|
0-0: Ball 1-0: Foul Ball, location: 2F 1-1: Fly out, F7 (Flyball, 7, EV 95.0 MPH)
|
|
Batting: RHB James Huddleston
|
0-0: Ball 1-0: Ground out 6-3 (Groundball, 6, EV 82.5 MPH)
|
| Top of the 6th over - 0 runs, 1 hit, 0 errors, 1 left on base; Princeton 6 - Detroit (APP) 1 |
| BOTTOM OF THE 6TH |
|
Detroit (APP) Tigers batting - Pitching for Princeton Rays : LHP Chris Bates
|
|
Batting: RHB Jon Goldstein
|
0-0: SINGLE (Groundball, 56S, EV 72.5 MPH) (infield hit)
|
|
Batting: SHB Ross Holland
|
0-0: Ball 1-0: Ball 2-0: Fielders Choice at 2nd, 4-6 (Groundball, 4, EV 85.6 MPH)
|
|
Batting: RHB Adam MacConnell
|
0-0: Called Strike 0-1: Ball 1-1: Called Strike 1-2: Foul Ball, location: 2F 1-2: Strikes out swinging
|
|
Batting: LHB Jon Frederick
|
0-0: Ball 1-0: Ball 2-0: Ball 3-0: Called Strike 3-1: Foul Ball, location: 2F 3-2: Base on Balls Ross Holland to second
|
|
Pitching: RHP Federico Jimenez
|
|
|
Batting: RHB Jose Evangelista
|
0-0: Called Strike 0-1: Ball 1-1: Foul Ball, location: 2F 1-2: Fly out, F8 (Flyball, 8RD, EV 81.3 MPH)
|
| Bottom of the 6th over - 0 runs, 1 hit, 0 errors, 2 left on base; Princeton 6 - Detroit (APP) 1 |
| TOP OF THE 7TH |
|
Princeton Rays batting - Pitching for Detroit (APP) Tigers : RHP Jerome Stady
|
|
Batting: LHB Rocky Crowley
|
0-0: Ground out 4-3 (Groundball, 4, EV 105.6 MPH)
|
|
Batting: RHB Wil Urban
|
0-0: Called Strike 0-1: Ball 1-1: Foul Ball, location: 2F 1-2: Strikes out swinging
|
|
Batting: SHB Lou Kroneman
|
0-0: Ball 1-0: Foul Ball, location: 2F 1-1: Ball 2-1: Ball 3-1: Foul Ball, location: 2F 3-2: SINGLE (Groundball, 34D, EV 95.6 MPH)
|
|
Pitching: RHP Tony Kepp
|
|
|
Batting: SHB Wayne Hattan
|
0-0: Ball 1-0: Ball 2-0: Called Strike Lou Kroneman is caught stealing 2nd base 2-6
|
| Top of the 7th over - 0 runs, 1 hit, 0 errors, 0 left on base; Princeton 6 - Detroit (APP) 1 |
| BOTTOM OF THE 7TH |
|
Detroit (APP) Tigers batting - Pitching for Princeton Rays : RHP Federico Jimenez
|
|
Batting: RHB Jamie Villagrana
|
0-0: Swinging Strike 0-1: Ball 1-1: Foul Ball, location: 2F 1-2: Ball 2-2: Ball 3-2: Ground out U3 (Groundball, 3, EV 77.5 MPH)
|
|
Batting: LHB Jon Pedlar
|
0-0: Ball 1-0: Called Strike 1-1: Foul Ball, location: 2F 1-2: Foul Ball, location: 2F 1-2: Foul Ball, location: 2F 1-2: Ball 2-2: Ball 3-2: Base on Balls
|
|
Batting: RHB Billy Verdusco
|
0-0: Ball 1-0: Grounds into double play, 6-4-3 (Groundball, 6D, EV 108.1 MPH)
|
| Bottom of the 7th over - 0 runs, 0 hits, 0 errors, 0 left on base; Princeton 6 - Detroit (APP) 1 |
| TOP OF THE 8TH |
|
Princeton Rays batting - Pitching for Detroit (APP) Tigers : RHP Tony Kepp
|
|
Batting: SHB Wayne Hattan
|
0-0: Ball 1-0: Foul Ball, location: 2F 1-1: Swinging Strike 1-2: Strikes out swinging
|
|
Batting: RHB Chris Thorson
|
0-0: Ball 1-0: Called Strike 1-1: Called Strike 1-2: Ball 2-2: Strikes out swinging
|
|
Batting: RHB Kunizo Yanagisawa
|
0-0: Called Strike 0-1: Ball 1-1: Ball 2-1: Ball 3-1: Foul Ball, location: 2F 3-2: Base on Balls
|
|
Batting: RHB Bazyli Andrysiak
|
0-0: Called Strike Kunizo Yanagisawa steals 2nd base 0-1: Ball 1-1: Ball 2-1: Foul Ball, location: 2F 2-2: Ground out 4-3 (Groundball, 34, EV 101.3 MPH)
|
| Top of the 8th over - 0 runs, 0 hits, 0 errors, 1 left on base; Princeton 6 - Detroit (APP) 1 |
| BOTTOM OF THE 8TH |
|
Detroit (APP) Tigers batting - Pitching for Princeton Rays : RHP Federico Jimenez
|
|
Batting: RHB Keith Hoffman
|
0-0: Called Strike 0-1: Ground out 4-3 (Groundball, 4, EV 95.0 MPH)
|
|
Batting: RHB Jon Goldstein
|
0-0: Ball 1-0: Called Strike 1-1: Ball 2-1: Foul Ball, location: 2F 2-2: Foul Ball, location: 2F 2-2: Foul Ball, location: 2F 2-2: Ground out 6-3 (Groundball, 56, EV 88.8 MPH)
|
|
Batting: SHB Ross Holland
|
0-0: Foul Ball, location: 2F 0-1: Ball 1-1: Foul Ball, location: 2F 1-2: Strikes out swinging
|
| Bottom of the 8th over - 0 runs, 0 hits, 0 errors, 0 left on base; Princeton 6 - Detroit (APP) 1 |
| TOP OF THE 9TH |
|
Princeton Rays batting - Pitching for Detroit (APP) Tigers : RHP Tony Kepp
|
|
Batting: SHB Chris Lockart
|
0-0: Ball 1-0: Ball 2-0: Fly out, F8 (Flyball, 89D, EV 80.0 MPH)
|
|
Batting: RHB James Huddleston
|
0-0: Ball 1-0: Ball 2-0: Swinging Strike 2-1: SINGLE (Groundball, 6MD, EV 106.3 MPH)
|
|
Batting: LHB Rocky Crowley
|
0-0: Called Strike James Huddleston steals 2nd base 0-1: Foul Ball, location: 2F 0-2: Foul Ball, location: 2F 0-2: Hit by Pitch
|
|
Pitching: RHP Cameron Maxwell
|
|
|
Batting: RHB Wil Urban
|
0-0: Foul Ball, location: 2F 0-1: Ball 1-1: Foul Ball, location: 2F 1-2: Ball 2-2: Foul Ball, location: 2F 2-2: Ball Wild Pitch! James Huddleston to third Rocky Crowley to second 3-2: Ground out 3-1 (Groundball, 34, EV 82.5 MPH) James Huddleston scores Rocky Crowley to third
|
|
Batting: SHB Lou Kroneman
|
0-0: Ball 1-0: Swinging Strike 1-1: Ball 2-1: Foul Ball, location: 2F 2-2: Ground out 6-3 (Groundball, 6S, EV 92.5 MPH)
|
| Top of the 9th over - 1 run, 1 hit, 0 errors, 1 left on base; Princeton 7 - Detroit (APP) 1 |
| BOTTOM OF THE 9TH |
|
Detroit (APP) Tigers batting - Pitching for Princeton Rays : RHP Federico Jimenez
|
|
Batting: RHB Adam MacConnell
|
0-0: Ball 1-0: Ball 2-0: Ball 3-0: Called Strike 3-1: Base on Balls
|
|
Pitching: RHP Tim Inman
|
|
|
Batting: LHB Jon Frederick
|
0-0: Ball 1-0: Foul Ball, location: 2F 1-1: Foul Ball, location: 2F 1-2: Foul Ball, location: 2F 1-2: Strikes out swinging
|
|
Batting: RHB Jose Evangelista
|
0-0: Foul Ball, location: 2F 0-1: Foul Ball, location: 2F 0-2: Strikes out swinging
|
|
Batting: RHB Jamie Villagrana
|
0-0: Ball Passed Ball! Adam MacConnell to second 1-0: Ball 2-0: Ball 3-0: Swinging Strike 3-1: Base on Balls
|
|
Batting: LHB Jon Pedlar
|
0-0: Called Strike 0-1: Ball 1-1: Ball 2-1: Foul Ball, location: 2F 2-2: Fielders Choice at 2nd, 5-4 (Groundball, 56, EV 86.9 MPH)
|
| Bottom of the 9th over - 0 runs, 0 hits, 0 errors, 2 left on base; Princeton 7 - Detroit (APP) 1 |
|